 Dungeon Crawl Stone Soup version 0.30-a0-883-g5ad918d77d (webtiles) character file.

Game seed: 15188018843262165435

51 gelatine the Chopper (level 3, -5/27 HPs)
             Began as a Demonspawn Gladiator on Mar 18, 2023.
             Slain by Sigmund
             ... wielding a +0 scythe
              (10 damage)
             ... on level 2 of the Dungeon.
             The game lasted 00:03:23 (1407 turns).

gelatine the Chopper (Demonspawn Gladiator)         Turns: 1407, Time: 00:03:23

Health: -5/27      AC:  5    Str: 16    XL:     3   Next: 58%
Magic:  3/3        EV: 13    Int:  9    God:
Gold:   24         SH:  0    Dex: 20    Spells: 2/2 levels left

rFire   . . .      SeeInvis .    a - +0 war axe
rCold   . . .      Faith    .    (no shield)
rNeg    . . .      Spirit   .    b - +0 leather armour
rPois   .          Reflect  .    c - +0 helmet
rElec   .          Rampage  .    (no cloak)
rCorr   .                        k - +0 pair of gloves
Will    .....                    (no boots)
Stlth   ++                       (no amulet)
HPRegen 0.24/turn                j - +6 ring of dexterity
MPRegen 0.08/turn                (no ring)

@: no status effects
A: demonic guardian 1
a: no special abilities


You were on level 2 of the Dungeon.
You visited 1 branch of the dungeon, and saw 2 of its levels.

You collected 24 gold pieces.

Inventory:

Hand Weapons
 a - a +0 war axe (weapon)
Missiles
 d - 2 throwing nets
 e - 5 javelins
 f - 5 poisoned darts
 g - 16 stones (quivered)
Armour
 b - a +0 leather armour (worn)
 c - a +0 helmet (worn)
 k - a +0 pair of gloves (worn)
Jewellery
 j - a +6 ring of dexterity (left hand)
Scrolls
 i - 8 scrolls of identify {unknown}
Potions
 h - 2 potions of curing {unknown}
 l - a potion of resistance {unknown}
 m - a potion of attraction {unknown}


   Skills:
 * Level 2.2 Fighting
 * Level 3.3 Axes
 * Level 2.2 Throwing
 * Level 0.3 Armour
 * Level 3.0 Dodging
 * Level 0.5 Stealth
 * Level 0.1 Spellcasting


You had 2 spell levels left.
You didn't know any spells.
Your spell library was empty.

Dungeon Overview and Level Annotations

Branches:
Dungeon (2/15)

Altars:

Shops:
D:2 !

Annotations:
D:2 Sigmund


Innate Abilities, Weirdness & Mutations

A weak demonic guardian rushes to your aid.


Message History

The magic dart hits you. The adder bites you but does no damage.
You miss the adder.
You feel sick. Something hits you but does no damage.
The adder barely misses you.
Unknown command.
You hit the adder but do no damage.
You feel sick. The adder bites you but does no damage. Something hits you.
* * * LOW HITPOINT WARNING * * *
The adder barely misses you.
Unknown command.
You swap places.
You feel sick.
Something bites your quasit but does no damage.
You feel sick.
You are no longer poisoned.
Something bites your quasit but does no damage.
Your quasit barely misses the adder. x3
The adder bites your quasit but does no damage.
Your quasit bites the adder.
Your quasit claws the adder.
Your quasit claws the adder but does no damage.
The adder bites your quasit.
Your quasit closely misses the adder. x2
Your quasit claws the adder.
The adder closely misses your quasit.
Your quasit barely misses the adder.
Your quasit completely misses the adder.
Your quasit claws the adder.
The adder bites your quasit but does no damage.
Your quasit bites the adder.
Your quasit claws the adder but does no damage. x2
The adder bites your quasit but does no damage.
Your quasit misses the adder.
Your quasit closely misses the adder.
Your quasit claws the adder.
The adder bites your quasit.
Your quasit misses the adder. x2
Your quasit claws the adder.
Something closely misses your quasit.
Your quasit bites the adder.
The adder dies!
Your quasit disappears in a puff of smoke!
Something hits you.
* * * LOW HITPOINT WARNING * * *
A demonic guardian appears!
Something hits you!
You die...

#~..≈### #~..)'.#
#~..≈#†#
#~~..≈#.#
~~~#..≈#.# ##
......≈#.# .#
......≈#.# ##
≈≈≈≈≈≈≈#.#
###############@#
#...............#
##.<.##########5#
##.## #.# # #.#
#.# # #.# #.#
####'## #.#
..#...## #.#
#......## ###.#


You could see a friendly quasit (summoned).

Vanquished Creatures
  A worm (D:2)
  9 endoplasms
  2 giant cockroaches
  4 goblins (D:1)
  2 hobgoblins (D:2)
  5 ball pythons
  4 bats
  A frilled lizard (D:1)
  4 kobolds
  2 rats (D:1)
34 creatures vanquished.

Vanquished Creatures (collateral kills)
  An adder (D:2)
1 creature vanquished.

Grand Total: 35 creatures vanquished

Notes
Turn   | Place    | Note
-------+----------+-------------------------------------------
     0 | D:1      | gelatine the Demonspawn Gladiator began the quest for the
                  | Orb.
     0 | D:1      | Reached XP level 1. HP: 16/16 MP: 1/1
   279 | D:1      | Gained mutation: A weak demonic guardian rushes to your
                  | aid. [demonic ancestry]
   279 | D:1      | Reached XP level 2. HP: 22/22 MP: 2/2
   368 | D:1      | Found a faded altar of an unknown god.
  1190 | D:2      | Reached XP level 3. HP: 27/27 MP: 3/3
  1248 | D:2      | Found Paump's Distillery.
  1380 | D:2      | Noticed Sigmund
  1407 | D:2      | Slain by Sigmund

Illustrated notes

Levels and vault maps discovered:
D:1:      erik_arrival_cave_to_civilisation [erik_arrival_cave_to_hall],
          layout_loops_corners, shapermc_ecumenical_altar_venn,
          minmay_tiny_reverse_x
D:2:      layout_loops_corners, serial_shops, shop, kennysheep_path_1,
          minmay_pentomino_p4, uniq_sigmund

Skill      XL: |  1  2  3 |
---------------+----------+-----
Throwing       | 2 |  2.2
Axes           | 3 |  3.3
Dodging        | 3 |  3.0
Fighting       | |  2.2
Armour         | |  0.3
Stealth        | |  0.5
Spellcasting   | |  0.1

Action                     || total
---------------------------++-------
  Melee: War axe           ||    75
         Punch             ||     2
  Throw: Stone             ||     2
         Throwing net      ||     1
   Stab: Sleeping          ||     4
 Armour: Leather armour    ||    28
  Dodge: Dodged            ||    51

Table legend: (Time is in decaauts)
 A = Elapsed time spent in this place.
 B = Non-inter-level travel time spent in this place.
 C = Inter-level travel time spent in this place.
 D = Time resting spent in this place.
 E = Time spent auto-exploring this place.
 F = Levels seen in this place.
 G = Mean time per level.
                   A        B        C        D        E       F      G
               +--------+--------+--------+--------+--------+-----+--------+
         Total |   1433 |   1407 |     26 |      0 |   1089 |   2 |  716.5 |
       Dungeon |   1433 |   1407 |     26 |      0 |   1089 |   2 |  716.5 |
               +--------+--------+--------+--------+--------+-----+--------+

Top non-repeatable levels by time:
     D:1: 982 daAuts
     D:2: 451 daAuts
